 Dungeon Crawl Stone Soup version 0.29.1-15-g9cfb28693d (webtiles) character file.

Game seed: 14041230284259685717

263 venomsnake the Trooper (level 5, -3/50 HPs)
             Began as a Minotaur Berserker on Mar 24, 2023.
             Was a Believer of Trog.
             Killed by divine providence
             ... invoked by an orc priest
              (15 damage)
             ... on level 4 of the Dungeon.
             The game lasted 00:09:39 (3927 turns).

venomsnake the Trooper (Minotaur Berserker)         Turns: 3927, Time: 00:09:40

Health: -3/50      AC: 11    Str: 23    XL:     5   Next: 97%
Magic:  4/4        EV:  7    Int:  4    God:    Trog [**....]
Gold:   73         SH:  0    Dex: 10    Spells: 4/4 levels left

rFire   . . .      SeeInvis .   r - +0 war axe
rCold   . . .      Faith    .   (no shield)
rNeg    . . .      Spirit   .   t - +0 plate armour
rPois   .          Reflect  .   (helmet restricted)
rElec   .          Harm     .   (no cloak)
rCorr   .          Rampage  .   (no gloves)
Will    .....                   (no boots)
Stlth   ..........              (no amulet)
HPRegen 0.16/turn               (no ring)
MPRegen 0.09/turn               (no ring)

@: no status effects
A: horns 2, retaliatory headbutt
a: Renounce Religion, Berserk, Trog's Hand


You were on level 4 of the Dungeon.
You worshipped Trog.
Trog was pleased with you.
You visited 1 branch of the dungeon, and saw 4 of its levels.

You collected 73 gold pieces.

Inventory:

Hand Weapons
 r - a +0 war axe (weapon)
Missiles
 h - 4 poisoned darts (quivered)
 o - 8 stones
Armour
 t - a +0 plate armour (worn)
Scrolls
 g - a scroll of enchant weapon {unknown}
 i - 3 scrolls of identify {unknown}
 j - a scroll of teleportation {unknown}
 k - a scroll of enchant armour {unknown}
 n - a scroll of amnesia {unknown}
 q - a scroll of fog {unknown}
 s - a scroll of magic mapping {unknown}
Potions
 a - a potion of flight {unknown}
 c - 2 potions of brilliance {unknown}
 d - a potion of lignification {unknown}
 e - a potion of might {unknown}
 f - a potion of haste {unknown}
 l - a potion of curing {unknown}
 m - a potion of heal wounds {unknown}
 p - a potion of attraction {unknown}


   Skills:
 * Level 5.8 Fighting
 + Level 4.8 Axes
 + Level 4.0 Armour
 + Level 3.6 Dodging


You had 4 spell levels left.
You didn't know any spells.
Your spell library was empty.

Dungeon Overview and Level Annotations

Branches:
Dungeon (4/15)
 Temple: D:4-7

Altars:


Innate Abilities, Weirdness & Mutations

You have a pair of horns on your head.
You reflexively headbutt those who attack you in melee.


Message History

The ball python barely misses you. The ball python grabs you.
The ball python constricts you.
The orc priest invokes the aid of Beogh against you.
Beogh smites you! The ball python barely misses you. You furiously retaliate!
You headbutt the ball python.
You kill the ball python!
Trog accepts your kill.
You are too injured to fight recklessly!
You are too injured to fight recklessly!
You are too injured to fight recklessly!
You are too injured to fight recklessly!
You are too injured to fight recklessly!
You are too injured to fight recklessly!
The orc hits you but does no damage.
The orc priest calls down the wrath of Beogh upon you.
Beogh smites you!
* * * LOW HITPOINT WARNING * * *
You slash the orc!
You kill the orc!
Trog accepts your kill.
Your Armour skill increases to level 4!
You barely miss the orc. You headbutt the orc.
The orc is lightly wounded.
The orc hits you but does no damage.
You hit the orc. You headbutt the orc.
You kill the orc!
Trog accepts your kill.
The orc priest looks braver for a moment.
The orc hits you but does no damage.
You hit the orc.
The orc is moderately wounded.
The orc hits you but does no damage.
You slash the orc!
You kill the orc!
Trog accepts your kill.
You hit the orc. Your headbutt misses the orc.
The orc is heavily wounded.
The orc priest mumbles some strange prayers to Beogh against you.
Beogh smites you!
You die...

#....##.#
#....##.#########.
####....##.#.........
#..........#.########
#..........#
#.....######.#
#...<.........
#......#######.##
#......@o........
#########o(#.#.##
#.....[.## #.###.).#
#.#.o..# #.#...##
#!...... . .......
###...####


You could see an orc priest and an orc.

Vanquished Creatures
  A necrophage (D:4)
  An orc priest (D:3)
  Jessica (D:2)
  A gnoll (D:1)
  7 adders
  A worm (D:3)
  10 orcs
  3 bats
  3 endoplasms
  2 giant cockroaches
  6 goblins
  7 hobgoblins
  6 jackals
  7 kobolds
  3 quokkas
  4 ball pythons
  A frilled lizard (D:2)
  3 rats
67 creatures vanquished.

Notes
Turn   | Place    | Note
-------+----------+-------------------------------------------
     0 | D:1      | venomsnake the Minotaur Berserker began the quest for the
                  | Orb.
     0 | D:1      | Reached XP level 1. HP: 19/19 MP: 0/0
    89 | D:1      | Reached skill level 4 in Fighting
    89 | D:1      | Reached XP level 2. HP: 12/27 MP: 1/1
  1199 | D:2      | Reached XP level 3. HP: 14/33 MP: 2/2
  1653 | D:2      | Reached XP level 4. HP: 36/41 MP: 3/3
  1653 | D:2      | Noticed Jessica
  1658 | D:2      | Killed Jessica
  1857 | D:2      | Reached ** piety under Trog
  2121 | D:3      | Reached skill level 5 in Fighting
  2209 | D:3      | Reached XP level 5. HP: 22/48 MP: 4/4
  3927 | D:4      | Killed from afar by an orc priest

Illustrated notes

Levels and vault maps discovered:
D:1:      dpeg_arrival_ternary, layout_basic
D:2:      layout_rooms, uniq_jessica
D:3:      layout_loops_ring, serial_co_window_serial, co_window_corner_a,
          co_window_paths_a, co_window_corner_a, co_window_paths_a,
          co_window_paths_a, co_window_2corner, co_window_unsneaky_path_e,
          co_window_cross_2, co_window_corner_ca, co_window_broadway_c,
          co_window_corner_b, co_window_unsneaky_path_d, co_window_sun,
          glass_columns_a, glass_columns_c, glass_columns_a
D:4:      layout_basic, nicolae_overflow_hidden_temple

Skill      XL: |  1  2  3  4  5 |
---------------+----------------+-----
Fighting       | 4 5 |  5.8
Axes           | 4 |  4.8
Armour         | 3 4 |  4.0
Dodging        | 3 |  3.6

Action                   |  1- 3 |  4- 6 || total
-------------------------+-------+-------++-------
Melee: Hand axe          |    73 |    46 ||   119
       Headbutt          |     9 |    13 ||    22
       War axe           |       |    25 ||    25
 Stab: Sleeping          |     1 |       ||     1
Armor: Animal skin       |     8 |     7 ||    15
       Plate armour      |       |     9 ||     9
Dodge: Dodged            |    53 |    40 ||    93
